 Dungeon Crawl Stone Soup version 0.19.3 (webtiles) character file.

168836 nono the Whirler (level 18, -1/116 HPs)
             Began as a Halfling Assassin on Jan 23, 2017.
             Was a High Priest of Qazlal.
             Slain by the 26-headed Lernaean hydra (6 damage)
             ... on level 4 of the Swamp.
             The game lasted 02:55:16 (36501 turns).

nono the Whirler (Halfling Assassin)               Turns: 36501, Time: 02:55:17

Health: -1/116     AC: 27    Str: 18    XL:     18   Next: 28%
Magic:  0/27       EV: 20    Int:  9    God:    Qazlal [*****.]
Gold:   914        SH: 24    Dex: 18    Spells: 3 memorised, 12 levels left

rFire  . . .     SeeInvis .     R - +2 demon blade
rCold  . . .     Gourm    .     j - +4 scale mail
rNeg   + . .     Faith    .     U - +4 shield {reflect}
rPois  +         Spirit   +     w - +0 helmet
rElec  .         Reflect  +     d - +1 cloak
rCorr  .         Harm     .     K - +1 pair of gloves
MR     +....                    L - +2 pair of boots {Fly}
Stlth  +.........               W - amulet of guardian spirit
                                Y - ring of poison resistance
                                C - ring of positive energy

@: protected from physical damage, flying, very slightly contaminated, repel
missiles, invisible
A: mutation resistance 1
a: Upheaval, Elemental Force, Disaster Area, Renounce Religion, Stop Flying
}: 1/15 runes: decaying


You were on level 4 of the Swamp.
You worshipped Qazlal.
Qazlal was extremely pleased with you.
You were hungry.

You visited 6 branches of the dungeon, and saw 29 of its levels.
You also visited: Sewer and Ice Cave.

You collected 2520 gold pieces.
You spent 1606 gold pieces at shops.

Inventory:

Hand Weapons
 a - a +6 scimitar
 b - a +2 hunting sling of flaming
 p - a +0 fustibalus
 u - a +1 dagger of electrocution
 F - the +1 dagger "Dragonslayer" {antimagic, *Noise rPois rC+ Str+6}
   (You found it on level 6 of the Lair of Beasts)

   It reduces the magical energy of the wielder, and disrupts the spells and
   magical abilities of those hit.
   Natural abilities and divine invocations are not affected.
   It affects your strength (+6).
   It protects you from cold.
   It protects you from poison.
   It may make noises in combat.
 R - a +2 demon blade (weapon)
Missiles
 q - 592 stones (quivered)
 z - 168 sling bullets
Armour
 d - a +1 cloak (worn)
 j - a +4 scale mail (worn)
 w - a +0 helmet (worn)
 K - a +1 pair of gloves (worn)
 L - a +2 pair of boots of flying (worn)
 U - a +4 shield of reflection (worn)
Jewellery
 e - the ring of the Madman {+Fly rN+ Dex+3}
   (You found it on level 4 of the Lair of Beasts)

   [ring of flight]

   It affects your dexterity (+3).
   It protects you from negative energy.
   It lets you fly.
 i - an uncursed ring of positive energy
 y - an uncursed ring of magical power
 B - an uncursed ring of ice
 C - a ring of positive energy (left hand)
 I - a +4 amulet of reflection
 P - an uncursed amulet of rage
 W - an amulet of guardian spirit (around neck)
 X - an uncursed ring of fire
 Y - a ring of poison resistance (right hand)
 Z - an uncursed amulet of faith
Wands
 k - a wand of disintegration (11/24)
 v - a wand of digging (11/24)
 D - a wand of teleportation (4/9)
 H - a wand of lightning (6/15)
 Q - a wand of acid (3/15)
Scrolls
 c - 4 scrolls of recharging
 l - 7 scrolls of teleportation
 n - 2 scrolls of blinking
 o - 2 scrolls of magic mapping
 E - 8 scrolls of identify
 G - 4 scrolls of fog
 J - a scroll of fear
 T - 11 scrolls of remove curse
Potions
 h - a potion of resistance
 r - 7 potions of lignification
 s - a potion of magic
 t - 4 potions of heal wounds
 M - 2 potions of might
 N - 2 potions of agility
 O - 8 potions of curing
Comestibles
 f - 10 fruits
 g - 21 bread rations
 m - 12 meat rations
 S - 5 beef jerkies


   Skills:
 - Level 8.2 Fighting
 - Level 2.4(10.6) Short Blades
 * Level 13.2(13.3) Long Blades
 - Level 16.7(16.8) Slings
 - Level 2.0(8.3) Throwing
 + Level 13.2 Armour
 - Level 11.5 Dodging
 - Level 5.4 Stealth
 + Level 12.8 Shields
 + Level 13.0 Invocations


You had 12 spell levels left.
You knew the following spells:

 Your Spells              Type           Power        Failure   Level  Hunger
a - Blink                 Tloc           N/A          100%        2    ###....
b - Repel Missiles        Chrm/Air       #.....       100%        2    ###....
c - Corona                Hex            #......      99%         1    ##.....


Dungeon Overview and Level Annotations

Branches:
Dungeon (15/15)            Temple (1/1) D:7            Lair (6/6) D:8
  Swamp (4/4) Lair:2       Spider (1/4) Lair:2        Slime (0/5) Lair:6
    Orc (2/2) D:12            Elf (0/3) Orc:2        Vaults (0/5) D:14
 Depths (0/5) D:15

Altars:
Ashenzari
Dithmenos
Elyvilon
Gozag
Hepliaklqana
Kikubaaqudgha
Makhleb
Nemelex Xobeh
Okawaru
Qazlal
Ru
Sif Muna
Trog
Vehumet
Xom
Yredelemnul
Zin
The Shining One

Shops:
D:9 }=(   D:10 =   D:13 *   Orc:1 !   Orc:2 [*}*

Portals:
Pandemonium: Orc:2

Annotations:
Lair:4 Kirke
Lair:6 exclusion: 2 oklob plants
Swamp:4 Lernaean hydra


Innate Abilities, Weirdness & Mutations

You are small and have problems with some larger weapons.
You are somewhat resistant to further mutation.


Message History

The 26-headed Lernaean hydra barely misses you.
You block the 26-headed Lernaean hydra's attack. x2
The 26-headed Lernaean hydra bites you but does no damage. x4
The 26-headed Lernaean hydra closely misses you. x2
The 26-headed Lernaean hydra bites you.
* * * LOW HITPOINT WARNING * * *
The 26-headed Lernaean hydra completely misses you.
The 26-headed Lernaean hydra closely misses you.
The 26-headed Lernaean hydra completely misses you.
The 26-headed Lernaean hydra misses you.
The 26-headed Lernaean hydra closely misses you.
The 26-headed Lernaean hydra bites you but does no damage.
The 26-headed Lernaean hydra completely misses you. x2
The 26-headed Lernaean hydra misses you.
The 26-headed Lernaean hydra barely misses you.
The 26-headed Lernaean hydra misses you.
The 26-headed Lernaean hydra bites you!
* * * LOW HITPOINT WARNING * * *
The 26-headed Lernaean hydra bites you.
You die...

♣♣♣♣♣ ♣♣≈..♣♣♣ ♣.≈≈≈≈≈♣
♣♣♣ ♣♣♣ ♣≈≈≈≈≈.♣ ♣≈♣♣
♣♣♣♣≈♣♣♣♣♣♣.≈≈≈≈♣ ♣♣..♣
♣♣.<.§.≈≈♣♣♣.≈≈≈♣♣ ♣♣....
♣.≈≈≈≈..@DuD≈♣≈♣♣♣♣♣..≈≈≈
♣.≈≈≈≈≈§≈§.§≈♣♣§♣♣..≈≈≈≈≈
♣♣≈≈≈≈≈≈§§§.§.≈≈.≈≈≈≈≈..§
♣♣....≈≈≈≈≈≈≈D≈≈≈≈≈≈≈≈§§.
♣§≈≈..≈.≈§≈≈≈≈≈≈≈≈≈≈≈≈≈≈≈
♣.≈≈.≈≈.♣♣...≈≈≈≈≈≈≈≈≈≈≈≈
♣♣.≈≈≈≈§♣≈♣♣≈≈(≈♣≈...≈..≈
♣.≈≈≈≈.♣♣♣......≈.......
♣♣≈≈≈≈.♣♣♣♣≈≈♣≈♣♣≈≈≈.≈≈♣


You could see the 26-headed Lernaean hydra, a brown very ugly thing and 2 swamp
dragons.

Vanquished Creatures
  2 thorn hunters
  Donald (Swamp:2)
  An emperor scorpion (Lair:3)
  An orc warlord (Orc:1)
  25 hydras
  A catoblepas (D:15)
  3 ghost crabs
  A death knight (D:13)
  7 alligators
  A merfolk avatar (Lair:6)
  3 tengu warriors (D:13)
  Urug (Lair:4)
  6 orc high priests (Orc:2)
  An infernal demonspawn (Orc:2)
  A spriggan druid (Swamp:3)
  7 hill giants
  2 unseen horrors
  2 sea snakes (Lair:6)
  6 swamp dragons
  A wizard (D:15)
  A gelid demonspawn (Orc:2)
  2 necromancers
  4 orc knights (Orc:2)
  Pikel (D:4)
  A harpy (Lair:6)
  2 wolf spiders (Lair:2)
  An orb spider (Lair:2)
  11 ugly things
  A wolf spider zombie (D:14)
  4 orc sorcerers
  2 deep elf magi (D:15)
  10 elephants
  A manticore (Lair:6)
  5 black mambas
  3 centaur zombies (D:15)
  2 gargoyles
  13 spiny frogs
  A smoke demon (Orc:2)
  3 kobold demonologists
  2 yaktaurs (D:14)
  11 komodo dragons
  3 rime drakes (Lair:6)
  A swamp worm zombie (Swamp:2)
  3 freezing wraiths (D:13)
  3 ice devils (Orc:2)
  A hellwing (Orc:2)
  A tengu conjurer (D:13)
  A jumping spider (Lair:2)
  3 meliai (D:15)
  3 polar bears
  7 trolls
  10 hornets
  A tyrant leech (Swamp:1)
  15 blink frogs
  Prince Ribbit (D:10)
  3 two-headed ogres
  3 slime creatures (D:15)
  7 dream sheep (Lair:6)
  12 hippogriffs
  8 bog bodies
  An alligator zombie (Swamp:2)
  3 redbacks
  2 shadows
  9 wyverns
  Sigmund (D:4)
  4 spriggans
  A ynoxinul (Orc:2)
  3 basilisks
  29 yaks
  3 hogs (Lair:4)
  2 hungry ghosts
  22 vampire mosquitoes
  10 insubstantial wisps
  A mottled dragon (D:13)
  19 swamp worms
  Edmund (D:5)
  2 wargs (Orc:1)
  9 water moccasins
  9 porcupines
  A hydra simulacrum (Swamp:2)
  8 swamp drakes
  5 sky beasts
  An eye of draining (D:14)
  2 slaves
  A black bear (D:9)
  8 ice beasts
  3 phantoms
  34 orc warriors
  2 hornet zombies
  3 necrophages
  7 wolves
  7 ogres
  16 centaurs
  13 crocodiles
  20 big kobolds
  16 bullfrogs
  A wyvern zombie (D:10)
  A wyvern skeleton (D:7)
  3 scorpions
  A water moccasin skeleton (D:6)
  10 wights
  14 killer bees
  6 electric eels
  4 howler monkeys
  A lava snake (D:15)
  7 crimson imps
  2 bullfrog zombies
  A gnoll shaman (D:9)
  30 orc priests
  A bullfrog skeleton (D:4)
  3 jellies
  10 hounds
  20 orc wizards
  10 centaur skeletons
  4 iguanas
  9 worker ants
  A hound zombie (D:8)
  A howler monkey zombie (D:8)
  Robin (D:4)
  2 worker ant zombies
  19 adders
  A howler monkey skeleton (D:8)
  7 river rats
  7 shadow imps
  4 oozes
  2 adder skeletons
  5 worms
  3 dart slugs (D:1)
  8 leopard geckos
  77 orcs
  6 bats
  7 giant cockroaches
  12 goblins
  7 hobgoblins
  10 jackals
  29 kobolds
  3 quokkas
  6 ball pythons
  8 frilled lizards
  A leopard gecko skeleton (D:8)
  33 rats
  8 briar patches
  10 fungi
  9 plants
943 creatures vanquished.

Vanquished Creatures (collateral kills)
  A hydra (Swamp:4)
  An orc high priest (Orc:2)
  A soul eater (Orc:2)
  2 swamp dragons
  An orc knight (Orc:1)
  2 orc sorcerers (Orc:2)
  A spiny frog (Swamp:3)
  5 orc warriors
  2 orc wizards (Orc:1)
  An orc (Orc:1)
17 creatures vanquished.

Vanquished Creatures (others)
  A yaktaur captain (D:14)
  A spriggan druid (Swamp:3)
  A spriggan (Swamp:3)
  A swamp worm (Swamp:4)
  An ogre (D:4)
  2 centaurs (D:14)
  A worker ant (D:4)
  An adder (Lair:4)
  An orc (Orc:2)
  4 hobgoblins (D:4)
  7 briar patches
  14 fungi
  26 plants
61 creatures vanquished.

Grand Total: 1021 creatures vanquished

Notes
Turn   | Place    | Note
-------+----------+-------------------------------------------
     0 | D:1      | nono the Halfling Assassin began the quest for the Orb.
     0 | D:1      | Reached XP level 1. HP: 14/14 MP: 1/1
   314 | D:1      | Reached XP level 2. HP: 3/19 MP: 2/2
   795 | D:1      | Reached skill level 5 in Stealth
   994 | D:1      | Reached XP level 3. HP: 24/24 MP: 3/3
  1586 | D:2      | Reached XP level 4. HP: 10/29 MP: 4/4
  1756 | D:2      | Reached skill level 1 in Slings
  1927 | D:2      | Reached skill level 2 in Slings
  2261 | D:2      | Reached skill level 3 in Slings
  2261 | D:2      | Reached XP level 5. HP: 27/34 MP: 5/5
  2687 | D:3      | Reached skill level 4 in Slings
  3325 | D:4      | Noticed Pikel
  3325 | D:4      | Noticed a slave
  3325 | D:4      | Noticed a slave
  3325 | D:4      | Noticed a slave
  3327 | D:4      | Noticed a slave
  3359 | D:3      | Killed a slave
  3678 | D:4      | Killed a slave
  3684 | D:4      | Killed Pikel
  3684 | D:4      | Reached skill level 7 in Slings
  3684 | D:4      | Reached XP level 6. HP: 12/39 MP: 6/6
  3684 | D:4      | Reached XP level 7. HP: 13/44 MP: 7/7
  3963 | D:4      | Found a burning altar of Makhleb.
  4094 | D:4      | Noticed Robin
  4103 | D:4      | Killed Robin
  4235 | D:4      | Reached XP level 8. HP: 14/49 MP: 8/8
  4512 | D:4      | Reached skill level 1 in Long Blades
  4610 | D:4      | Reached skill level 8 in Slings
  4640 | D:4      | Gained mutation: You occasionally shout uncontrollably at your foes. [potion of mutation]
  4640 | D:4      | Gained mutation: You are dopey. (Int -2) [potion of mutation]
  4903 | D:4      | Noticed Sigmund
  4913 | D:4      | Killed Sigmund
  4973 | D:5      | Entered Level 5 of the Dungeon
  5034 | D:5      | Reached skill level 5 in Dodging
  5119 | D:5      | HP: 2/49 [orc priest/divine providence (10)]
  5356 | D:6      | Found a basalt altar of Yredelemnul.
  5414 | D:6      | Reached skill level 9 in Slings
  5414 | D:6      | Reached skill level 5 in Armour
  5414 | D:6      | Reached XP level 9. HP: 27/54 MP: 9/9
  5457 | D:6      | Found a glowing drain.
  5461 | Sewer    | Entered a sewer
  7448 | D:5      | Reached skill level 5 in Long Blades
  7448 | D:5      | Reached skill level 10 in Slings
  7652 | D:5      | Noticed Edmund
  7669 | D:5      | Killed Edmund
  7972 | D:7      | Reached XP level 10. HP: 56/60 MP: 10/10
  8015 | D:7      | Found a staircase to the Ecumenical Temple.
  8025 | Temple   | Entered the Ecumenical Temple
  8081 | Temple   | Became a worshipper of Qazlal Stormbringer
  8193 | D:7      | Reached skill level 1 in Invocations
  8321 | D:7      | Found a basalt altar of Yredelemnul.
  8387 | D:7      | Found an opulent altar of Gozag.
  8823 | D:7      | Learned a level 2 spell: Blink
  9758 | D:8      | Found a staircase to the Lair.
  9781 | D:8      | Found a radiant altar of Vehumet.
 10086 | D:8      | Reached * piety under Qazlal
 10114 | D:8      | Found a shimmering altar of Xom.
 10114 | D:8      | Found a shadowy altar of Dithmenos.
 10228 | D:8      | Found a glowing silver altar of Zin.
 10595 | D:8      | Found a faded altar of an unknown god.
 10595 | D:8      | Found an opulent altar of Gozag.
 10600 | D:8      | Found a bloodstained altar of Trog.
 10602 | D:8      | Found a white marble altar of Elyvilon.
 10603 | D:8      | Found an ancient bone altar of Kikubaaqudgha.
 10762 | D:9      | Found Gapoy's Gadget Emporium.
 10842 | D:9      | Reached XP level 11. HP: 44/64 MP: 14/14
 10925 | D:9      | Found Acif's Jewellery Shoppe.
 11027 | D:9      | Reached skill level 5 in Invocations
 11158 | D:9      | Reached ** piety under Qazlal
 11336 | D:9      | Found Zaemiod's Antique Weapon Boutique.
 11552 | D:9      | Gained mutation: You have a pair of small horns on your head. [mutagenic meat]
 11553 | D:9      | Lost mutation: You occasionally shout uncontrollably at your foes. [mutagenic meat]
 11554 | D:9      | Gained mutation: Scrolls take you a little longer to read. [mutagenic meat]
 11874 | D:10     | Entered Level 10 of the Dungeon
 11899 | D:10     | Noticed a sixfirhy
 12051 | D:10     | Noticed Prince Ribbit
 12062 | D:10     | Killed Prince Ribbit
 12247 | D:10     | Reached *** piety under Qazlal
 12334 | D:10     | Found Ygel Xyb Quf's Jewellery Shoppe.
 12342 | D:10     | Bought an uncursed amulet of rage for 400 gold pieces
 12401 | D:10     | Found an iron altar of Okawaru.
 12440 | D:10     | Noticed a purple ugly thing
 12466 | D:10     | Killed a purple ugly thing
 13013 | D:11     | Paralysed by a hornet for 1 turns
 13631 | D:11     | Reached skill level 10 in Dodging
 13670 | D:11     | Reached XP level 12. HP: 61/70 MP: 17/17
 13903 | D:11     | Learned a level 2 spell: Repel Missiles
 14139 | D:12     | Reached **** piety under Qazlal
 14306 | D:12     | Noticed an eight-headed hydra
 14489 | Lair:1   | Entered Level 1 of the Lair of Beasts
 14553 | Lair:1   | Noticed a four-headed hydra
 14578 | Lair:1   | Killed a four-headed hydra
 14580 | Lair:1   | Reached skill level 10 in Armour
 16951 | Lair:2   | Found a staircase to the Swamp.
 17041 | Lair:3   | Noticed a six-headed hydra
 17058 | Lair:2   | Reached skill level 5 in Fighting
 17188 | Lair:3   | Noticed an eight-headed hydra
 17200 | Lair:2   | Killed an eight-headed hydra
 17200 | Lair:2   | Reached XP level 13. HP: 28/83 MP: 10/19
 17225 | Lair:2   | Lost mutation: Scrolls take you a little longer to read. [potion of cure mutation]
 17225 | Lair:2   | Lost mutation: You are dopey. (Int -2) [potion of cure mutation]
 17225 | Lair:2   | Lost mutation: You have a pair of small horns on your head. [potion of cure mutation]
 17729 | Lair:3   | Killed a six-headed hydra
 18341 | Lair:3   | You fall through a shaft!
 18357 | Lair:4   | Noticed Urug
 18380 | Lair:4   | Killed Urug
 18447 | Lair:4   | Found a frozen archway.
 18459 | IceCv    | Entered an ice cave
 19686 | Lair:4   | Got a smoking steel ring
 19688 | Lair:4   | Identified the ring of the Madman {+Fly rN+ Dex+3} (You found it on level 4 of the Lair of Beasts)
 19747 | Lair:4   | Noticed Kirke
 20090 | Lair:5   | Got a slimy helmet
 20097 | Lair:5   | Identified the cursed -4 helmet "Goept" {rC- Dex+2 Slay+3} (You found it on level 5 of the Lair of Beasts)
 20481 | Lair:5   | Noticed a five-headed hydra
 20488 | Lair:5   | Killed a five-headed hydra
 20611 | Lair:5   | Reached skill level 11 in Slings
 20896 | Lair:6   | Entered Level 6 of the Lair of Beasts
 21071 | Lair:6   | Found a staircase to the Slime Pits.
 21201 | Lair:6   | Reached skill level 12 in Slings
 21203 | Lair:6   | Reached XP level 14. HP: 80/94 MP: 20/20
 21477 | Lair:6   | Reached skill level 13 in Slings
 22193 | Lair:6   | Reached skill level 14 in Slings
 22468 | Lair:6   | Reached skill level 15 in Slings
 22871 | Lair:6   | Reached skill level 16 in Slings
 23170 | Lair:6   | Got an encrusted dagger
 23341 | Lair:6   | Identified the cursed +1 dagger "Dragonslayer" {antimagic, *Noise rPois rC+ Str+6} (You found it on level 6 of the Lair of Beasts)
 23889 | Lair:4   | Noticed a sphinx
 24091 | Lair:2   | Found a hole to the Spider Nest.
 24302 | D:10     | Reached ***** piety under Qazlal
 24478 | D:9      | Bought an uncursed amulet of guardian spirit for 510 gold pieces
 24518 | D:9      | Reached skill level 10 in Long Blades
 25293 | D:12     | Reached skill level 1 in Shields
 25353 | D:12     | Found a staircase to the Orcish Mines.
 25365 | Orc:1    | Entered Level 1 of the Orcish Mines
 25389 | Orc:1    | Reached XP level 15. HP: 59/99 MP: 18/22
 25390 | Orc:1    | Reached XP level 16. HP: 62/105 MP: 18/23
 25542 | Orc:2    | Entered Level 2 of the Orcish Mines
 25662 | Orc:1    | Found Gufoppigg's Distillery.
 25675 | Orc:1    | Bought a potion of resistance for 110 gold pieces
 25675 | Orc:1    | Bought a potion of heal wounds for 55 gold pieces
 26217 | Orc:2    | Found a staircase to the Elven Halls.
 26226 | Orc:2    | Found a shimmering altar of Xom.
 26420 | Orc:2    | Found Vadeq's General Store.
 26870 | Orc:2    | Found Qaptecri's General Store.
 27052 | Orc:2    | Reached skill level 10 in Invocations
 27372 | Orc:2    | Reached skill level 10 in Shields
 27508 | Orc:2    | Paralysed by an orc sorcerer for 3 turns
 27545 | Orc:2    | Found Jasuriun's Gadget Shoppe.
 27545 | Orc:2    | Found Fuajixys's Antique Armour Emporium.
 27842 | Orc:2    | Found a one-way gate leading to the halls of Pandemonium.
 27864 | Orc:2    | Bought a pair of glowing boots for 252 gold pieces
 27922 | Orc:2    | Bought a +0 helmet for 63 gold pieces
 28200 | D:13     | Found Woabeq's General Store.
 29680 | D:14     | Found a gate to the Vaults.
 30277 | D:15     | Entered Level 15 of the Dungeon
 30470 | D:15     | Reached XP level 17. HP: 109/109 MP: 25/25
 31151 | D:15     | Reached ****** piety under Qazlal
 31316 | D:15     | Found a staircase to the Depths.
 31561 | D:9      | Bought a twisted falchion for 216 gold pieces
 31565 | D:9      | Identified the cursed +1 falchion of Discomfort {freeze, rF++ rC- Str+4} (You bought it in a shop on level 9 of the Dungeon)
 31686 | Spider:1 | Entered Level 1 of the Spider Nest
 32340 | Swamp:1  | Entered Level 1 of the Swamp
 32813 | Swamp:1  | Identified First Steps in Theurgy
 32816 | Swamp:1  | Learned a level 1 spell: Corona
 33514 | Swamp:2  | Noticed Donald
 33719 | Swamp:2  | Killed Donald
 34042 | Swamp:2  | Noticed a thorn hunter
 34083 | Swamp:2  | Killed a thorn hunter
 34628 | Swamp:3  | Noticed a thorn hunter
 34656 | Swamp:3  | Killed a thorn hunter
 35181 | Swamp:4  | Entered Level 4 of the Swamp
 35539 | Swamp:4  | Reached XP level 18. HP: 75/116 MP: 18/27
 35565 | Swamp:4  | Noticed the 27-headed Lernaean hydra
 35885 | Swamp:4  | Got a decaying rune of Zot
 36501 | Swamp:4  | HP: 5/116 [the 26-headed Lernaean hydra (9)]
 36501 | Swamp:4  | Slain by the 26-headed Lernaean hydra

Skill      XL: |  1  2  3  4  5  6  7  8  9 10 11 12 13 14 15 16 17 18 |
---------------+-------------------------------------------------------+-----
Stealth        | 5 |  5.4
Dodging        | 2 4 5 6 8 10 11 | 11.5
Slings         | 3 7 9 10 12 16 | 16.7
Armour         | 2 3 5 6 8 9 10 11 13 | 13.2
Long Blades    | 3 5 6 8 9 10 12 13 | 13.2
Invocations    | 4 7 8 9 11 12 13 | 13.0
Fighting       | 5 8 |  8.2
Shields        | 1 7 11 12 | 12.8
Short Blades   | |  2.4
Throwing       | |  2.0

Action                   |  1- 3 |  4- 6 |  7- 9 | 10-12 | 13-15 | 16-18 || total
-------------------------+-------+-------+-------+-------+-------+-------++-------
Melee: Dagger            |    99 |    20 |   244 |    66 |    93 |   203 ||   725
       Scimitar          |       |       |    75 |   732 |   645 |   998 ||  2450
       Headbutt          |       |       |       |   119 |     4 |       ||   123
       Demon blade       |       |       |       |       |       |   742 ||   742
 Fire: Blowgun           |     5 |       |       |       |       |       ||     5
       Hunting sling     |       |   153 |   145 |    31 |   195 |    91 ||   615
Throw: Throwing net      |       |     1 |       |       |       |       ||     1
Invok: Upheaval          |       |       |       |     3 |     8 |    10 ||    21
       Elemental Force   |       |       |       |       |     1 |     9 ||    10
 Abil: Evoke Berserk Rag |       |       |       |     2 |     3 |       ||     5
       Evoke Flight      |       |       |       |       |     2 |       ||     2
Evoke: Wand              |       |       |       |     6 |    15 |     2 ||    23
  Use: Scroll            |     1 |       |    17 |    11 |     7 |    21 ||    57
       Potion            |       |     5 |     3 |     8 |     6 |     9 ||    31
 Stab: Sleeping          |     8 |       |       |       |       |       ||     8
       Distracted        |       |       |       |       |       |     1 ||     1
  Eat: Chunk             |     1 |     5 |    18 |    32 |    20 |    28 ||   104
       Fruit             |       |     2 |     1 |       |     8 |     9 ||    20
       Royal jelly       |       |       |     1 |       |       |       ||     1
       Pizza             |       |       |       |     3 |     2 |       ||     5
       Beef jerky        |       |       |       |       |       |     2 ||     2
Armor: Robe              |    16 |       |       |       |       |       ||    16
       Chain mail        |       |    41 |   113 |   114 |       |       ||   268
       Troll leather arm |       |       |       |    67 |       |       ||    67
       Scale mail        |       |       |       |   132 |   259 |   478 ||   869
Dodge: Dodged            |    56 |    48 |   149 |   777 |   658 |   989 ||  2677
       Deflected         |       |       |       |     3 |    15 |    20 ||    38
Block: Other             |       |       |       |   125 |   185 |       ||   310
       Shield            |       |       |       |       |    48 |  2216 ||  2264
       Reflection        |       |       |       |       |       |    30 ||    30
       Rpst.: Scimitar   |       |       |     9 |   188 |   124 |   105 ||   426
       Demon blade       |       |       |       |       |       |    62 ||    62
